 Dungeon Crawl Stone Soup version 0.29.1-15-g9cfb28693d (webtiles) character file.

Game seed: 612315727498838027

2536 H0rd4k the Cudgeller (level 9, -3/68 HPs)
             Began as a Human Artificer on May 2, 2023.
             Was an Initiate of Gozag.
             Slain by an ogre
             ... wielding a +0 halberd
              (20 damage)
             ... in a bailey.
             The game lasted 00:07:41 (6636 turns).

H0rd4k the Cudgeller (Human Artificer)              Turns: 6636, Time: 00:07:42

Health: -3/68      AC:  5    Str: 12    XL:     9   Next: 85%
Magic:  9/9        EV: 12    Int: 16    God:    Gozag
Gold:   278        SH:  0    Dex: 14    Spells: 8/8 levels left

rFire   . . .      SeeInvis .   x - +6 shillelagh "Devastator" {shatter}
rCold   . . .      Faith    .   (no shield)
rNeg    . . .      Spirit   .   w - +0 ring mail {rPois}
rPois   +          Reflect  .   (no helmet)
rElec   .          Harm     .   o - scarf {+Inv}
rCorr   .          Rampage  .   (no gloves)
Will    .....                   (no boots)
Stlth   +.........              t - amulet of regeneration
HPRegen 1.01/turn               (no ring)
MPRegen 0.11/turn               (no ring)

@: gold aura, very slow
A: no striking features
a: Renounce Religion, Evoke Invisibility, Potion Petition, Call Merchant, Bribe
Branch


You were in a bailey.
You worshipped Gozag.
Gozag was aware of your devotion.
You visited 2 branches of the dungeon, and saw 8 of its levels.
You also visited: Bailey.

You collected 349 gold pieces.
You paid 71 gold pieces to Gozag.

Inventory:

Hand Weapons
 j - a +0 whip
 s - a +2 dagger of flaming
 x - the +6 shillelagh "Devastator" (weapon) {shatter}
   (You found it on level 4 of the Dungeon)

   It releases a powerful concussive burst when it strikes, dealing extra damage
   to the target and all other foes adjacent to them.
 z - a +2 dagger of venom
 K - the +7 halberd "Embalmer" {vamp, rElec Int+3 Dex+3}
   (You found it on level 7 of the Dungeon)

   It occasionally heals its wielder for a portion of the damage dealt when it
   wounds a living foe.
   Int:       It affects your intelligence (+3).
   Dex:       It affects your dexterity (+3).
   rElec:     It insulates you from electricity.
Missiles
 k - 2 throwing nets
Armour
 b - a +0 leather armour
 o - a scarf of invisibility (worn)
 w - a +0 ring mail of poison resistance (worn)
Magical Staves
 n - a staff of air
 F - a staff of cold
Jewellery
 t - an amulet of regeneration (around neck)
 v - a ring of willpower
Wands
 c - a wand of flame (18) (quivered)
 d - a wand of charming (9)
 E - a wand of digging (6)
 I - a wand of polymorph (9)
Scrolls
 a - 6 scrolls of identify {unknown}
 f - a scroll of immolation {unknown}
 h - 2 scrolls of fear {unknown}
 i - a scroll of enchant armour {unknown}
 l - 2 scrolls of blinking {unknown}
 p - 3 scrolls of vulnerability {unknown}
 r - a scroll of enchant weapon {unknown}
 u - 3 scrolls of teleportation {unknown}
 y - a scroll of noise {unknown}
 B - a scroll of amnesia {unknown}
 D - 2 scrolls of magic mapping {unknown}
 G - a scroll of summoning {unknown}
Potions
 g - 5 potions of curing {unknown}
 m - a potion of invisibility {unknown}
 q - 3 potions of brilliance {unknown}
 A - a potion of resistance {unknown}
 C - 4 potions of degeneration {unknown}
 H - a potion of haste {unknown}
 J - a potion of might {unknown}


   Skills:
 + Level 5.3 Fighting
 + Level 3.9 Short Blades
 + Level 7.8 Maces & Flails
 - Level 2.3 Armour
 + Level 5.3 Dodging
 + Level 3.3 Stealth
 + Level 4.4 Evocations


You had 8 spell levels left.
You didn't know any spells.
Your spell library contained the following spells:

 Spells                   Type           Power      Damage    Failure   Level
 Beastly Appendage        Tmut           0%         N/A       50%         1
 Ensorcelled Hibernation  Hex/Ice        0%         N/A       63%         2
 Passwall                 Tmut/Erth      0%         N/A       63%         2
 Wereblood                Tmut           0%         N/A       63%         2
 Gell's Gravitas          Tloc           0%         N/A       86%         3
 Lesser Beckoning         Tloc           0%         N/A       86%         3
 Spider Form              Tmut/Pois      0%         N/A       86%         3
 Swiftness                Air            0%         N/A       86%         3
 Teleport Other           Tloc           0%         N/A       86%         3


Dungeon Overview and Level Annotations

Branches:
Dungeon (7/15)             Temple (1/1) D:6          Bailey (1/1)

Altars:
Ashenzari
Dithmenos
Elyvilon
Fedhas
Gozag
Kikubaaqudgha
Makhleb
Nemelex Xobeh
Okawaru
Ru
Sif Muna
Trog
Uskayaw
Vehumet
Zin

Shops:
D:4 =   D:5 =


Message History

The spriggan is heavily wounded.
The spriggan is no longer distracted by gold.
You hear a shout!
A spriggan comes into view. It is wielding a +0 spear.
Aiming: Iceblast
Press: ? - help, Shift-Dir - straight line, f - ogre
Aim: an ogre, wielding a +0 glaive (heavily wounded)
The mass of ice explodes!
The iceblast engulfs the spriggan!!
You kill the spriggan!
You hear a splash.
The iceblast engulfs the ogre!!
You kill the ogre!
The iceblast engulfs the ogre!
The ogre is almost dead.
The now-empty wand crumbles to dust.
An ogre comes into view. It is wielding a +0 halberd.
The ogre hits you from afar with a +0 halberd!
An ogre comes into view. It is wielding a +0 halberd.
You enter the shallow water.
Moving in this stuff is going to be slow.
The ogre hits you with a +0 halberd!
You hit the ogre.
The ogres and the spriggan shudder.
You kill the ogre!
You hear a splash.
The spriggan is moderately wounded.
The ogre is moderately wounded.
You hear a roar!
The spriggan closely misses you. The ogre barely misses you.
Your unstable footing causes you to fumble your attack.
The spriggan hits you with a +0 spear. The spriggan hits you with a +0 spear!
The ogre hits you from afar with a +0 halberd!!
* * * LOW HITPOINT WARNING * * *
The spriggan barely misses you.
Aiming: Charm
Press: ? - help, Shift-Dir - straight line, f - spriggan
Aim: a spriggan, wielding a +0 spear (moderately wounded, chance to affect: 26%)
The spriggan easily resists.
The ogre hits you from afar with a +0 halberd!!
You die...
Your body crumbles into a pile of gold.

#######
###.....###
##.........##
##...........##
#....∩...∩....#
##...........#
##.........##
###~~@~~###
#~~i$$# #~~~$O#
#...$.O.#
#.........#
#..♣♣#♣###..#
#..# #..# ..#
♣..


You could see 2 ogres and a spriggan.

Vanquished Creatures
  Pikel (D:7)
  A spriggan (Bailey)
  An ice beast (D:6)
  8 ogres
  A black bear (D:7)
  A centaur (D:7)
  A phantom (D:5)
  A lemure (D:7)
  2 kobold brigands
  2 bullfrogs (D:7)
  A necrophage (D:6)
  A scorpion (D:5)
  A howler monkey (D:3)
  3 hounds
  4 iguanas
  4 orc wizards
  A gnoll (D:1)
  6 adders
  6 white imps
  A worm (D:5)
  4 dart slugs
  10 orcs
  3 endoplasms
  3 giant cockroaches
  9 goblins
  8 hobgoblins
  11 jackals
  3 quokkas
  7 ball pythons
  4 bats (D:1)
  2 frilled lizards
  20 kobolds
  5 rats
  A spectral goblin (D:1)
137 creatures vanquished.

Vanquished Creatures (collateral kills)
  A frilled lizard (D:2)
1 creature vanquished.

Vanquished Creatures (others)
  A giant cockroach (D:1)
  A goblin (D:2)
  A plant (D:1)
3 creatures vanquished.

Grand Total: 141 creatures vanquished

Notes
Turn   | Place    | Note
-------+----------+-------------------------------------------
     0 | D:1      | H0rd4k the Human Artificer began the quest for the Orb.
     0 | D:1      | Reached XP level 1. HP: 15/15 MP: 1/1
    86 | D:1      | Found a faded altar of an unknown god.
   254 | D:1      | Reached XP level 2. HP: 21/21 MP: 2/2
   684 | D:1      | Reached XP level 3. HP: 15/26 MP: 3/3
  2423 | D:2      | Reached XP level 4. HP: 32/32 MP: 4/4
  2637 | D:2      | Reached skill level 1 in Maces & Flails
  3621 | D:3      | Reached XP level 5. HP: 36/37 MP: 5/5
  3749 | D:3      | Found a broken altar of Ashenzari.
  4111 | D:3      | Reached skill level 1 in Short Blades
  4134 | D:4      | Noticed an ogre
  4138 | D:4      | Killed an ogre
  4139 | D:4      | Reached XP level 6. HP: 44/44 MP: 6/6
  4208 | D:4      | Found Nipt's Jewellery Emporium.
  4318 | D:4      | Found the +6 shillelagh "Devastator" {shatter}
  4397 | D:4      | Noticed an ogre
  4401 | D:4      | Killed an ogre
  4402 | D:4      | Reached XP level 7. HP: 51/51 MP: 7/7
  4420 | D:4      | Found a radiant altar of Vehumet.
  5049 | D:5      | Entered Level 5 of the Dungeon
  5258 | D:5      | Reached skill level 2 in Maces & Flails
  5417 | D:5      | Reached XP level 8. HP: 51/58 MP: 8/8
  5607 | D:5      | Found Tag Kelogh's Jewellery Emporium.
  5637 | D:6      | Reached skill level 3 in Maces & Flails
  5845 | D:6      | Reached skill level 4 in Maces & Flails
  5896 | D:6      | Found a staircase to the Ecumenical Temple.
  5906 | Temple   | Entered the Ecumenical Temple
  5972 | Temple   | Became a worshipper of Gozag Ym Sagoz the Greedy
  6432 | D:7      | Noticed Pikel
  6436 | D:7      | Reached skill level 5 in Maces & Flails
  6436 | D:7      | Reached XP level 9. HP: 56/66 MP: 9/9
  6444 | D:7      | Killed Pikel
  6445 | D:7      | Reached skill level 6 in Maces & Flails
  6445 | D:7      | Reached skill level 5 in Dodging
  6451 | D:7      | Found a bloodstained altar of Trog.
  6516 | D:7      | Reached skill level 5 in Fighting
  6600 | D:7      | Found a flagged portal.
  6608 | D:7      | Identified the +7 halberd "Embalmer" {vamp, rElec Int+3
                  | Dex+3}
  6612 | Bailey   | Entered a bailey
  6621 | Bailey   | Reached skill level 7 in Maces & Flails
  6636 | Bailey   | Slain by an ogre

Illustrated notes

Levels and vault maps discovered:
D:1:      saegor_arrival_simple_e, layout_basic,
          dreamdust_ecumenical_altar_drowned_temple, serial_co_window_serial,
          co_window_paths_b, co_window_corner_a, co_window_paths_a,
          co_window_corner_a, co_window_cross_1, co_window_of_opportunity_a,
          co_window_paths_a, co_window_2corner, co_window_cross_4,
          co_window_corner_cb, co_window_corner_cb, co_window_4corner_a,
          glass_columns_c, glass_columns_a, glass_columns_a, glass_columns_c,
          glass_columns_a, nicolae_grassy_gnolls
D:2:      layout_basic
D:3:      layout_basic, nicolae_overflow_crystal_walls
D:4:      layout_loops_corners, vehumet_altar_wand_db, serial_shops, shop,
          minmay_misc_feat_five, dilly_guarded_unrand_devastator
D:5:      layout_basic, serial_shops, kennysheep_mini
D:6:      layout_basic, minmay_temple_entry_glass, serial_curves,
          eino_curves_03, eino_curves_01, eino_curves_03
D:7:      layout_basic, trog_three_pillars_becter, serial_shops,
          nicolae_shop_stone, enter_bailey_2, uniq_pikel
Temple:   nicolae_temple_x_marks_the_god
Bailey:   bailey_polearm_enchanted_keep_hellmonk, bailey

Skill      XL: |  1  2  3  4  5  6  7  8  9 |
---------------+----------------------------+-----
Maces & Flails | 1 2 5 7 |  7.8
Short Blades   | 2 3 |  3.9
Dodging        | 2 3 4 5 |  5.3
Fighting       | 2 3 4 5 |  5.3
Stealth        | 2 3 |  3.3
Evocations     | 4 |  4.4
Armour         | |  2.3

Action                   |  1- 3 |  4- 6 |  7- 9 || total
-------------------------+-------+-------+-------++-------
Melee: Club              |    46 |       |       ||    46
       Whip              |    56 |    46 |       ||   102
       Dagger            |       |    87 |       ||    87
       Shillelagh        |       |     7 |   137 ||   144
       Punch             |       |     1 |     2 ||     3
Evoke: Wand              |    13 |     4 |     5 ||    22
 Stab: Sleeping          |     4 |     3 |       ||     7
Armor: Leather armour    |    45 |    25 |       ||    70
       Ring mail         |       |    14 |    36 ||    50
Dodge: Dodged            |    94 |    80 |    89 ||   263
